 Dungeon Crawl Stone Soup version 0.30-a0-726-gd89dcf765f (webtiles) character file.

Game seed: 2757534974124019874

8108 bmack86 the Cleaver (level 11, -8/97 HPs)
             Began as a Minotaur Fighter on Jan 28, 2023.
             Was an Elder of Okawaru.
             Mangled by a skeletal warrior
             ... wielding a +0 short sword
              (11 damage)
             ... on level 10 of the Dungeon on Jan 29, 2023.
             The game lasted 00:19:56 (8602 turns).

bmack86 the Cleaver (Minotaur Fighter)              Turns: 8602, Time: 00:19:56

Health: -8/97      AC: 24    Str: 25    XL:     11   Next: 5%
Magic:  12/13      EV: 14    Int:  8    God:    Okawaru [****..]
Gold:   441        SH:  7    Dex: 10    Spells: 10/10 levels left

rFire   . . .      SeeInvis .    f - +1 war axe
rCold   . . .      Faith    .    c - +0 buckler
rNeg    + . .      Spirit   .    p - +0 plate armour
rPois   .          Reflect  .    (helmet restricted)
rElec   .          Harm     .    u - +4 cloak of Sin {rN+ Will+ Int+3}
rCorr   .          Rampage  .    i - +1 pair of gloves
Will    +....                    (no boots) Stlth
                                 (no amulet)
HPRegen 0.36/turn                v - +5 ring of evasion
MPRegen 0.13/turn                (no ring)

@: heroic
A: horns 2, retaliatory headbutt
a: Renounce Religion, Heroism, Finesse


You were on level 10 of the Dungeon.
You worshipped Okawaru.
Okawaru was greatly pleased with you.
You visited 2 branches of the dungeon, and saw 11 of its levels.
You also visited: Sewer.

You collected 441 gold pieces.

Inventory:

Hand Weapons
 a - a +1 heavy war axe
 f - a +1 war axe (weapon)
Missiles
 h - 3 poisoned darts
 n - 10 boomerangs (quivered)
 E - 2 throwing nets
Armour
 c - a +0 buckler (worn)
 i - a +1 pair of gloves (worn)
 p - a +0 plate armour (worn)
 u - the +4 cloak of Sin (worn) {rN+ Will+ Int+3}
   (You acquired it on level 6 of the Dungeon)

   Int:       It affects your intelligence (+3).
   rN:        It protects you from negative energy.
   Will:      It increases your willpower.
Jewellery
 q - a ring of ice
 v - a +5 ring of evasion (left hand)
 F - a ring of positive energy
Wands
 b - a wand of roots (14)
 l - a wand of flame (29)
 s - a wand of polymorph (8)
 t - a wand of paralysis (5)
 C - a wand of mindburst (30)
Scrolls
 k - 2 scrolls of vulnerability
 m - a scroll of enchant weapon
 r - 5 scrolls of teleportation
 x - 2 scrolls of fog
 D - a scroll of immolation
Potions
 d - a potion of magic {unknown}
 e - a potion of ambrosia
 g - 6 potions of brilliance
 j - 2 potions of curing
 o - 2 potions of flight
 w - 2 potions of cancellation
 z - 2 potions of resistance
 A - 2 potions of haste
 B - 2 potions of heal wounds


   Skills:
 + Level 9.0(14.0) Fighting
 * Level 11.7(16.7) Axes
 + Level 6.4(11.4) Throwing
 + Level 9.0(14.0) Armour
 + Level 8.9(13.9) Shields
 + Level 4.2 Invocations


You had 10 spell levels left.
You didn't know any spells.
Your spell library contained the following spells:

 Spells                   Type           Power      Damage    Failure   Level
 Beastly Appendage        Tmut           0%         N/A       98%         1
 Sublimation of Blood     Necr           0%         N/A       99%         2
 Wereblood                Tmut           0%         N/A       99%         2
 Spider Form              Tmut/Pois      0%         N/A       100%        3
 Petrify                  Tmut/Erth      0%         N/A       100%        4
 Irradiate                Conj/Tmut      0%         3d11      100%        5
 Summon Small Mammal      Summ           Unusable   N/A       N/A         1
 Call Canine Familiar     Summ           Unusable   N/A       N/A         3
 Summon Guardian Golem    Hex/Summ       Unusable   N/A       N/A         3

Dungeon Overview and Level Annotations

Branches:
Dungeon (10/15)            Temple (1/1) D:4           Sewer (visited)
   Lair: D:8-11         Orc: D:9-12

Altars:
Ashenzari
Cheibriados
Dithmenos
Elyvilon
Fedhas
Gozag
Hepliaklqana
Kikubaaqudgha
Makhleb
Nemelex Xobeh
Okawaru
Qazlal
Ru
Sif Muna
Trog
Uskayaw
Vehumet
Wu Jian
Xom
Yredelemnul
Zin
The Shining One


Innate Abilities, Weirdness & Mutations

You have a pair of horns on your head.
You reflexively headbutt those who attack you in melee.


Message History

You barely miss the skeletal warrior.
The skeletal warrior is heavily damaged.
You hit the ice dragon.
You hit the skeletal warrior but do no damage.
The skeletal warrior is heavily damaged.
You barely miss the ice dragon.
The skeletal warrior hits you with a +0 short sword.
* * * LOW HITPOINT WARNING * * *
The ice dragon bites you.
* * * LOW HITPOINT WARNING * * *
The ice dragon barely misses you.
The ice dragon tramples you but does no damage.
Something hits you.
* * * LOW HITPOINT WARNING * * *
You hit the skeletal warrior.
The skeletal warrior is heavily damaged.
You hit the ice dragon.
You block the skeletal warrior's attack.
The ice dragon barely misses you. The ice dragon claws you.
* * * LOW HITPOINT WARNING * * *
The ice dragon closely misses you.
You hit the skeletal warrior but do no damage.
You headbutt the skeletal warrior, but do no damage.
The skeletal warrior is heavily damaged.
You hit the ice dragon.
The skeletal warrior closely misses you.
The deep elf pyromancer gestures wildly while chanting.
The deep elf pyromancer blinks!
The ice dragon misses you. You furiously retaliate!
You headbutt the ice dragon. The ice dragon claws you.
* * * LOW HITPOINT WARNING * * *
The ice dragon misses you. Something hits you but does no damage.
You barely miss the skeletal warrior. You headbutt the skeletal warrior.
The skeletal warrior is heavily damaged.
You slash the ice dragon! You closely miss the skeletal warrior.
Your headbutt misses the skeletal warrior.
The skeletal warrior is heavily damaged.
You hit the ice dragon.
The skeletal warrior hits you with a +0 short sword!
You die...

....## .[...!
?.....#####.#...
#.§...[#......
?.....#.....
#.{.z#....
#e.Dz#... ###@#..
###...#.#
###.....#.##
#.......#.<#
+...⌠..)'.#.......
#......)#.##.#....
###.....#....# ..
###...#....#
######.....


You could see an ice dragon, 2 skeletal warriors and a deep elf pyromancer.

Vanquished Creatures
  4 two-headed ogres
  Pikel (D:8)
  Maggie (D:7)
  An unseen horror (D:10)
  A troll (D:9)
  A hornet (D:8)
  A wraith (D:9)
  4 vampire mosquitoes (D:9)
  A water moccasin (D:6)
  An acid dragon (D:9)
  2 orc warriors
  5 ice beasts
  An ogre (D:7)
  A sky beast (D:7)
  A lemure (D:8)
  3 centaurs
  2 phantoms
  3 bullfrogs
  A kobold brigand (Sewer)
  A gnoll sergeant (D:8)
  4 necrophages
  A scorpion (D:4)
  7 killer bees (D:9)
  A crimson imp (D:5)
  3 howler monkeys (D:8)
  A jelly (D:6)
  7 hounds
  4 orc priests
  2 gnoll boudas
  Ijyb (D:3)
  Terence (D:2)
  2 iguanas
  Natasha (thrice) (D:2)
  6 orc wizards
  Robin (D:2)
  15 gnolls
  4 river rats (Sewer)
  16 adders
  3 shadow imps
  2 white imps
  4 ufetubi
  A worm (D:2)
  A dart slug (D:4)
  19 orcs
  3 endoplasms
  2 giant cockroaches
  18 goblins
  11 hobgoblins
  5 jackals (Sewer)
  3 quokkas
  14 ball pythons
  10 bats
  3 frilled lizards
  17 kobolds
  9 rats
  2 bushes (D:8)
242 creatures vanquished.

Vanquished Creatures (others)
  27 plants (Sewer)
27 creatures vanquished.

Grand Total: 269 creatures vanquished

Notes
Turn   | Place    | Note
-------+----------+-------------------------------------------
     0 | D:1      | bmack86 the Minotaur Fighter began the quest for the Orb.
     0 | D:1      | Reached XP level 1. HP: 19/19 MP: 0/0
    89 | D:1      | Upgraded the game from 0.30-a0-722-g3e6e8c874d to
                  | 0.30-a0-726-gd89dcf765f
   215 | D:1      | Reached XP level 2. HP: 24/27 MP: 1/1
   279 | D:1      | Reached skill level 3 in Axes
   846 | D:1      | Reached XP level 3. HP: 32/32 MP: 2/2
   884 | D:2      | Noticed Natasha
   893 | D:2      | Killed Natasha
   940 | D:2      | Reached XP level 4. HP: 34/40 MP: 3/3
   994 | D:2      | Noticed Terence
  1004 | D:2      | Killed Terence
  1005 | D:2      | Reached skill level 4 in Axes
  1168 | D:2      | Noticed Natasha
  1171 | D:2      | Reached skill level 1 in Throwing
  1176 | D:2      | Killed Natasha
  1177 | D:2      | Reached XP level 5. HP: 43/47 MP: 4/4
  1329 | D:2      | Noticed Robin
  1349 | D:2      | Killed Robin
  1608 | D:3      | Identified the +5 dagger "Orb Guardian's Regret" {venom,
                  | Fly Str-4 Int+3 Stlth+}
  1665 | D:3      | Noticed Ijyb
  1671 | D:3      | Killed Ijyb
  2062 | D:3      | Found an ornate altar of the Wu Jian Council.
  2162 | D:2      | Noticed Natasha
  2169 | D:2      | Killed Natasha
  2170 | D:2      | Reached XP level 6. HP: 53/53 MP: 5/5
  2237 | D:4      | Reached skill level 5 in Axes
  2366 | D:4      | Found a staircase to the Ecumenical Temple.
  2380 | Temple   | Entered the Ecumenical Temple
  2833 | D:4      | Reached skill level 5 in Armour
  2886 | D:4      | You fall into a shaft and drop 2 floors!
  2945 | D:5      | Entered Level 5 of the Dungeon
  2945 | D:5      | Found a blossoming altar of Fedhas.
  2959 | D:5      | Reached skill level 5 in Fighting
  2959 | D:5      | Reached skill level 5 in Shields
  2992 | D:5      | Noticed an ice beast
  3000 | D:5      | Killed an ice beast
  3001 | D:5      | Reached XP level 7. HP: 46/61 MP: 6/6
  3030 | D:5      | Reached skill level 6 in Axes
  3086 | D:5      | Found a glowing drain.
  3109 | Sewer    | Entered a sewer
  3291 | Sewer    | Reached XP level 8. HP: 65/70 MP: 7/7
  3859 | D:5      | Reached skill level 7 in Axes
  3994 | D:4      | Found a basalt altar of Yredelemnul.
  4907 | D:5      | Found a burning altar of Makhleb.
  5007 | D:6      | Identified a scroll of acquirement
  5007 | D:6      | Acquired the +4 cloak of Sin {rN+ Will+ Int+3}
  5056 | D:6      | Reached skill level 8 in Axes
  5500 | D:7      | Reached XP level 9. HP: 78/78 MP: 8/8
  5547 | D:7      | Found a bloodstained altar of Trog.
  5624 | D:7      | Noticed Maggie
  5632 | D:7      | Found a white marble altar of Elyvilon.
  5634 | D:7      | Found a shimmering altar of Xom.
  5642 | D:7      | Killed Maggie
  5643 | D:7      | Reached skill level 9 in Axes
  5645 | D:7      | Found a radiant altar of Vehumet.
  5650 | D:7      | Found a bloodstained altar of Trog.
  5650 | D:7      | Found a glowing silver altar of Zin.
  5651 | D:7      | Found a shadowy altar of Dithmenos.
  5653 | D:7      | Found an iron altar of Okawaru.
  5664 | D:7      | Became a worshipper of Warmaster Okawaru
  5820 | D:7      | Found a sparkling altar of Nemelex Xobeh.
  6208 | D:8      | Reached skill level 1 in Invocations
  6217 | D:8      | Noticed Pikel
  6221 | D:8      | Noticed a two-headed ogre
  6230 | D:8      | Killed Pikel
  6231 | D:8      | Reached skill level 5 in Throwing
  6235 | D:8      | Killed a two-headed ogre
  6235 | D:8      | Reached * piety under Okawaru
  6236 | D:8      | Reached skill level 10 in Axes
  6236 | D:8      | Reached XP level 10. HP: 36/88 MP: 8/10
  7053 | D:9      | Noticed a two-headed ogre
  7064 | D:8      | Killed a two-headed ogre
  7064 | D:8      | Reached ** piety under Okawaru
  7573 | D:9      | Reached skill level 11 in Axes
  7581 | D:9      | Found a sacrificial altar of Ru.
  7637 | D:9      | Reached *** piety under Okawaru
  7782 | D:9      | Found a sparkling altar of Nemelex Xobeh.
  7782 | D:9      | Found a hazy altar of Hepliaklqana.
  7782 | D:9      | Found a snail-covered altar of Cheibriados.
  8542 | D:10     | Entered Level 10 of the Dungeon
  8547 | D:10     | Noticed a two-headed ogre
  8547 | D:10     | Noticed a two-headed ogre
  8557 | D:10     | Killed a two-headed ogre
  8560 | D:10     | Killed a two-headed ogre
  8560 | D:10     | Reached **** piety under Okawaru
  8561 | D:10     | Reached XP level 11. HP: 81/95 MP: 10/13
  8583 | D:10     | Noticed a deep elf pyromancer
  8583 | D:10     | Noticed an ogre mage
  8583 | D:10     | Noticed an ice dragon
  8583 | D:10     | Noticed a skeletal warrior
  8583 | D:10     | Noticed a skeletal warrior
  8599 | D:10     | HP: 4/97 [ice dragon (3)]
  8602 | D:10     | Mangled by a skeletal warrior

Illustrated notes

Levels and vault maps discovered:
D:1:      elethiomel_arrival_shortcut, layout_loops_corners
D:2:      layout_basic, minmay_pentomino_s4, uniq_terence, uniq_natasha,
          uniq_robin
D:3:      layout_basic, mainiacjoe_overflow_concentric_impassable,
          minmay_misc_feat_hallway, uniq_ijyb
D:4:      layout_layer_cave, general_overflow_altar,
          minmay_temple_entry_statues_fountains, chequers_serial_rivers_marsh
D:5:      layout_rooms, makhleb_grotto_becter, mainiacjoe_overflow_boulevard,
          cheibrodos_sewer_entry_sluice, hangedman_abyss_or_decor_stagger,
          minmay_fractal_squares_gapless_5
D:6:      layout_rooms
D:7:      layout_cave_pools, grunt_temple_overflow_open,
          hangedman_feature_mirror, hangedman_decor_growths, eino_tiny_chamber,
          nrook_mini_backslash, uniq_maggie
D:8:      layout_loops_ring, minmay_hedge_maze, uniq_pikel
D:9:      layout_cave_pods, nicolae_ru_sacrificial_ziggurat,
          gammafunk_temple_overflow_forgotten
D:10:     layout_cave_pools, zombieorc2_lemuel, nicolae_stop_n_shop_1,
          nicolae_rejected_hall
Temple:   nicolae_temple_great_sept

Skill      XL: |  1  2  3  4  5  6  7  8  9 10 11 |
---------------+----------------------------------+-----
Axes           | 3 4 5 6 8 10 11 | 11.7
Armour         | 4 5 6 7 9 |  9.0
Fighting       | 4 5 6 7 8 9 |  9.0
Shields        | 4 5 6 7 8 |  8.9
Throwing       | 1 2 3 4 5 6 |  6.4
Invocations    | 2 4 |  4.2

Action                     |  1- 3 |  4- 6 |  7- 9 | 10-12 || total
---------------------------+-------+-------+-------+-------++-------
  Melee: War axe           |    69 |    90 |   247 |   171 ||   577
         Headbutt          |     8 |    11 |    36 |    50 ||   105
  Throw: Boomerang         |       |     5 |    24 |       ||    29
 Invoke: Heroism           |       |       |       |     2 ||     2
    Use: Scroll            |     2 |     8 |    11 |     1 ||    22
         Potion            |       |     1 |     1 |       ||     2
 Armour: Scale mail        |    51 |     7 |       |       ||    58
         Plate armour      |       |    93 |   151 |   131 ||   375
  Dodge: Dodged            |    48 |    67 |   183 |   139 ||   437
  Block: Buckler           |    25 |    32 |    56 |    54 ||   167

Table legend: (Time is in decaauts)
 A = Elapsed time spent in this place.
 B = Non-inter-level travel time spent in this place.
 C = Inter-level travel time spent in this place.
 D = Time resting spent in this place.
 E = Time spent auto-exploring this place.
 F = Levels seen in this place.
 G = Mean time per level.
                   A        B        C        D        E       F      G
               +--------+--------+--------+--------+--------+-----+--------+
         Total |   8854 |   8571 |    283 |    195 |   5907 |  12 |  737.8 |
       Dungeon |   7982 |   7699 |    283 |    195 |   5282 |  10 |  798.2 |
        Temple |     94 |     94 |      0 |      0 |     66 |   1 |   94.0 |
         Sewer |    776 |    776 |      0 |      0 |    559 |   1 |  776.0 |
               +--------+--------+--------+--------+--------+-----+--------+

Top non-repeatable levels by time:
     D:9: 1468 daAuts
     D:4: 1267 daAuts
     D:8: 1035 daAuts
     D:1: 889 daAuts
   Sewer: 776 daAuts
     D:5: 753 daAuts
     D:3: 704 daAuts
     D:2: 668 daAuts
     D:7: 630 daAuts
     D:6: 513 daAuts
  Temple: 94 daAuts
    D:10: 52 daAuts
